 Dungeon Crawl Stone Soup version 0.20.1-1-g8b1a95d (webtiles) character file.

245 Nattfarinn the Sneak (level 5, -6/36 HPs)
             Began as a Vampire Enchanter on Aug 2, 2017.
             Killed by divine providence
             ... invoked by an orc priest
              (11 damage)
             ... on level 3 of the Dungeon.
             The game lasted 00:13:26 (3828 turns).

Nattfarinn the Sneak (Vampire Enchanter)            Turns: 3828, Time: 00:13:26

Health: -6/36      AC:  0    Str:  7    XL:     5   Next: 83%
Magic:  2/8        EV: 21    Int: 18    God:
Gold:   107        SH:  0    Dex: 20    Spells: 1/8 levels left

rFire    . . .     SeeInvis +   (weapon currently unavailable)
rCold    + . .     Gourm    .   (shield currently unavailable)
rNeg     + + .     Faith    .   (armour currently unavailable)
rPois    +         Spirit   .   (helmet currently unavailable)
rElec    .         Reflect  .   (cloak currently unavailable)
rCorr    .         Harm     .   (gloves currently unavailable)
MR       .....                  (boots currently unavailable)
Stlth    ++++++....             (no amulet)
Regen    0.1/turn               (ring currently unavailable)
MPRegen  0.2/turn               (ring currently unavailable)

@: bat-form, flying, regenerating slowly, very quick
A: fangs 3, see invisible
a: End Transformation


You were on level 3 of the Dungeon.
You were near bloodless.
You were in vampire-bat-form.
You visited 1 branch of the dungeon, and saw 3 of its levels.

You collected 107 gold pieces.

Inventory:

Hand Weapons
 a - a +1 dagger
 e - a +0 short sword
 n - a +2 dagger of speed (melded)
 v - a +3 morningstar
Armour
 b - a +0 robe
 f - a +0 leather armour (melded)
 s - a +0 pair of boots (melded)
Wands
 q - a wand of acid (7/15)
Scrolls
 i - 2 scrolls of amnesia
 j - a scroll of remove curse
 r - a scroll of magic mapping
Potions
 d - 24 potions of blood
 g - 2 potions of ambrosia {unknown}
 h - 2 potions of berserk rage {unknown}
 k - a potion of degeneration {unknown}
 l - a potion of lignification {unknown}
 m - a potion of magic {unknown}
 o - a potion of heal wounds {unknown}
 p - a potion of resistance {unknown}
 t - a potion of curing {unknown}
Books
 c - a book of Maledictions

   Spells                             Type                      Level
   a - Corona                         Hexes                        1
   b - Ensorcelled Hibernation        Hexes/Ice                    2
   c - Confuse                        Hexes                        3
   d - Tukima's Dance                 Hexes                        3
   e - Dazzling Spray                 Conjuration/Hexes            3


   Skills:
 + Level 0.6 Fighting
 * Level 3.0 Short Blades
 + Level 2.8 Dodging
 + Level 6.8 Stealth
 - Level 2.0 Spellcasting
 * Level 6.6 Hexes


You had one spell level left.
You knew the following spells:

 Your Spells              Type           Power        Failure   Level  Hunger
a - Corona                Hex            ####...      1%          1    #......
b - Tukima's Dance        Hex            ####....     3%          3    ###....
c - Confuse               Hex            ####....     3%          3    ###....


Dungeon Overview and Level Annotations

Branches:
Dungeon (3/15)

Altars:


Innate Abilities, Weirdness & Mutations

You heal slowly.
You have razor-sharp teeth.
You have supernaturally acute eyesight. (SInv)
((You can survive without breathing.))


Message History

The orc priest calls upon Beogh to heal the orc.
The orc is healed somewhat.
You barely miss the orc.
The orc is lightly wounded.
You barely miss the orc.
The orc is lightly wounded.
The orc priest calls down the wrath of Beogh upon you.
Beogh smites you!
* * * LOW HITPOINT WARNING * * *
The orc barely misses you.
You turn into a vampire bat.
Your +2 dagger of speed melds into your body.
Your +0 pair of boots melds into your body.
Your +0 leather armour melds into your body.
The orc priest casts a cantrip, but nothing happens.
The orc misses you.
Your magical contamination has completely faded away.
The orc priest calls down the wrath of Beogh upon you.
Beogh smites you!
You die...

## ############ #. #
#..........################ #. #
#..#######................# #.
####.######################.#####
§..........########### #......
####...###......b....############
§# ###.#############o.oo....#####
§# #...# ########...... §###
###.## #.........# §§§# #..#
#........o# ##.######.#
#.......... #§.....#.##
#......o..# ######....##
######..########
##########..######....#.##


You could see an orc priest and 2 orcs.

Vanquished Creatures
  The ghost of Nattfarinn the Covert, an amateur OpAs (D:3)
  An adder (D:3)
  4 oozes
  3 worms
  A dart slug (D:2)
  2 leopard geckos
  7 orcs (D:3)
  A ball python (D:1)
  6 bats
  5 giant cockroaches
  11 goblins
  6 hobgoblins
  4 jackals (D:2)
  3 quokkas (D:2)
  4 frilled lizards
  9 kobolds
  11 rats
79 creatures vanquished.

Notes
Turn   | Place    | Note
-------+----------+-------------------------------------------
     0 | D:1      | Nattfarinn the Vampire Enchanter began the quest for the Orb.
     0 | D:1      | Reached XP level 1. HP: 13/13 MP: 3/3
   466 | D:1      | Reached skill level 5 in Hexes
   498 | D:1      | Reached XP level 2. HP: 18/19 MP: 5/5
  1146 | D:2      | Reached XP level 3. HP: 14/24 MP: 3/6
  1399 | D:2      | Learned a level 3 spell: Tukima's Dance
  1594 | D:2      | Reached skill level 5 in Stealth
  2169 | D:2      | Reached XP level 4. HP: 30/30 MP: 7/7
  2438 | D:3      | Noticed Nattfarinn's ghost (amateur OpAs)
  2610 | D:2      | Learned a level 3 spell: Confuse
  3157 | D:3      | Killed Nattfarinn's ghost
  3157 | D:3      | Reached XP level 5. HP: 33/36 MP: 4/8
  3828 | D:3      | Killed from afar by an orc priest

Skill      XL: |  1  2  3  4 |
---------------+-------------+-----
Hexes          | 5 6 |  6.6
Short Blades   | 2 3 |  3.0
Stealth        | 5 6 |  6.8
Fighting       | |  0.6
Dodging        | |  2.8
Spellcasting   | |  2.0

Action                   |  1- 3 |  4- 6 || total
-------------------------+-------+-------++-------
Melee: Short sword       |    38 |       ||    38
       Dagger            |   113 |   162 ||   275
       Bite              |    11 |    11 ||    22
 Cast: Corona            |     2 |       ||     2
       Confuse           |       |    18 ||    18
 Abil: Bat Form          |       |     1 ||     1
  Use: Potion            |       |     4 ||     4
       Scroll            |       |     5 ||     5
 Stab: Sleeping          |    16 |     9 ||    25
       Distracted        |     1 |     1 ||     2
       Confused          |       |     5 ||     5
  Eat: Corpse            |       |     1 ||     1
Armor: Leather armour    |    21 |    19 ||    40
Dodge: Dodged            |    57 |    65 ||   122
